 Dungeon Crawl Stone Soup version 0.24.0-2-g5b39cebb1c (console) character file.

Game seed: 15668713965610813313, levelgen mode: deterministic

581 AlterAsc the Gusty (level 7, 0/36 HPs)
             Began as a Tengu Air Elementalist on Oct 30, 2019.
             Was an Initiate of Kikubaaqudgha.
             Killed by their own static electricity (1 damage)
             ... on level 5 of the Dungeon.
             The game lasted 00:19:50 (5170 turns).

AlterAsc the Gusty (Tengu Air Elementalist)         Turns: 5170, Time: 00:19:51

Health: 0/36       AC:  4    Str:  8    XL:     7   Next: 36%
Magic:  2/14       EV: 15    Int: 17    God:    Kikubaaqudgha [......]
Gold:   195        SH:  0    Dex: 15    Spells: 8/14 levels left

rFire    . . .     SeeInvis .   o - +1 dagger (protect)
rCold    . . .     Gourm    .   (no shield)
rNeg     . . .     Faith    .   n - +0 animal skin
rPois    .         Spirit   .   (helmet restricted)
rElec    .         Reflect  .   f - +1 cloak
rCorr    .         Harm     .   (no gloves)
MR       .....                  (boots unavailable)
Stlth    ++........             (no amulet)
HPRegen  0.12/turn              (no ring)
MPRegen  0.14/turn              (no ring)

@: flying quickly and evasively, quick
A: beak, talons 3, able to fly
a: Stop Flying, Renounce Religion


You were on level 5 of the Dungeon.
You worshipped Kikubaaqudgha.
Kikubaaqudgha was noncommittal.
You were not hungry.

You visited 1 branch of the dungeon, and saw 5 of its levels.

You collected 195 gold pieces.

Inventory:

Hand Weapons
 l - a +0 rapier
 m - a +0 falchion of holy wrath
 o - a +1 dagger of protection (weapon)
 x - a +3 dagger of venom
Missiles
 h - 38 poisoned darts (quivered)
Armour
 a - a +0 robe
 f - a +1 cloak (worn)
 n - a +0 animal skin (worn)
 q - a +1 ring mail of poison resistance
Wands
 p - a wand of random effects (9)
Scrolls
 b - 5 scrolls of identify {unknown}
 d - 2 scrolls of magic mapping {unknown}
 e - 4 scrolls of remove curse {unknown}
 g - 2 scrolls of enchant weapon {unknown}
 j - a scroll of noise {unknown}
 r - a scroll of teleportation {unknown}
 s - a scroll of amnesia {unknown}
Potions
 i - 2 potions of curing {unknown}
 k - a potion of degeneration {unknown}
 t - a potion of flight {unknown}
 u - a potion of brilliance {unknown}
 v - a potion of cancellation {unknown}
 w - a potion of invisibility {unknown}
Comestibles
 c - 6 rations
 z - 3 chunks of flesh


   Skills:
 - Level 2.3 Dodging
 - Level 2.1 Stealth
 + Level 4.2 Spellcasting
 + Level 5.4 Conjurations
 + Level 0.6 Charms
 + Level 2.0 Necromancy
 + Level 6.7 Air Magic


You had 8 spell levels left.
You knew the following spells:

 Your Spells              Type           Power        Failure   Level  Hunger
a - Shock                 Conj/Air       ###.         1%          1    None
b - Swiftness             Chrm/Air       ###.....     5%          2    ##.....
c - Static Discharge      Conj/Air       ###.....     3%          3    ###....

Your spell library contained the following spells:

 Spells                   Type           Power        Failure   Level  Hunger
 Airstrike                Air            ####......   10%         4    ####...
 Lightning Bolt           Conj/Air       ###.......   34%         5    ######.


Dungeon Overview and Level Annotations

Branches:
Dungeon (5/15)             Temple (0/1) D:4

Altars:
Kikubaaqudgha
Nemelex Xobeh
Trog

Annotations:
D:3 2 exclusions, Grinder, Sigmund
D:5 Dowan, Duvessa


Innate Abilities, Weirdness & Mutations

You have a beak for a mouth.
You have claws for feet.
You can fly continuously.


Message History

Kikubaaqudgha accepts your kill.
Your Necromancy skill increases to level 2!
The adder is struck by an arc of lightning.
The adder is severely wounded.
You are struck by an arc of lightning.
* * * LOW HITPOINT WARNING * * *
The lightning grounds out.
The adder is struck by an arc of lightning!
You kill the adder!
Kikubaaqudgha accepts your kill.
The worker ant zombie is struck by an arc of lightning.
The worker ant zombie is moderately damaged.
The lightning grounds out.
Casting: Static Discharge (safe; 3% risk of failure)
Confirm with . or Enter, or press ? or * to list all spells.
The worker ant zombie is struck by an arc of lightning!
The worker ant zombie is severely damaged.
You are struck by an arc of lightning.
You die...
Kikubaaqudgha rasps: "You have failed me!
Welcome... death!"

#### #... #...
#... #... #...
########## #...
##........#####...
#@Z...............
#.####....#.....##
#...####......###
##....####..###
#l.e..##### .....#
...### ###


You could see a worker ant zombie and a leopard gecko.

Vanquished Creatures
  An ogre (D:4)
  A howler monkey (D:4)
  A centaur zombie (D:5)
  An orc priest (D:3)
  A hound (D:3)
  An orc wizard (D:3)
  A gnoll shaman (D:4)
  Ijyb (D:3)
  2 worker ants (D:4)
  Terence (D:2)
  A hound skeleton (D:4)
  4 gnolls (D:4)
  6 adders
  4 worms
  2 dart slugs (D:2)
  3 leopard geckos
  10 orcs
  5 giant cockroaches
  7 goblins
  9 hobgoblins
  6 jackals
  A ball python (D:2)
  8 bats
  4 frilled lizards
  5 kobolds (D:2)
  4 rats
90 creatures vanquished.

Notes
Turn   | Place    | Note
-------+----------+-------------------------------------------
     0 | D:1      | AlterAsc the Tengu Air Elementalist began the quest for the
                  | Orb.
     0 | D:1      | Reached XP level 1. HP: 10/10 MP: 4/4
     3 | D:1      | Noticed an electric eel
     3 | D:1      | Noticed an electric eel
   424 | D:1      | Reached XP level 2. HP: 15/15 MP: 3/6
   745 | D:2      | Noticed Terence
   933 | D:2      | Reached XP level 3. HP: 19/19 MP: 2/7
  1487 | D:2      | Reached XP level 4. HP: 24/24 MP: 1/8
  1607 | D:2      | Found a bloodstained altar of Trog.
  2021 | D:3      | Noticed Grinder
  2058 | D:3      | Reached skill level 5 in Air Magic
  2391 | D:3      | Gained mutation: You can fly continuously. [Tengu growth]
  2391 | D:3      | Reached XP level 5. HP: 22/28 MP: 2/10
  2455 | D:3      | Noticed Ijyb
  2469 | D:3      | Killed Ijyb
  2569 | D:3      | Learned a level 2 spell: Swiftness
  2573 | D:3      | Learned a level 3 spell: Static Discharge
  3096 | D:3      | Noticed Sigmund
  3359 | D:4      | Reached XP level 6. HP: 23/32 MP: 7/12
  3685 | D:3      | Found an ancient bone altar of Kikubaaqudgha.
  3787 | D:3      | Became a worshipper of Kikubaaqudgha
  3826 | D:4      | Reached skill level 6 in Air Magic
  4284 | D:4      | Reached skill level 1 in Necromancy
  4355 | D:4      | Reached skill level 5 in Conjurations
  4355 | D:4      | Reached XP level 7. HP: 33/36 MP: 3/14
  4599 | D:4      | Found a staircase to the Ecumenical Temple.
  4834 | D:4      | Found a sparkling altar of Nemelex Xobeh.
  5051 | D:2      | Killed Terence
  5125 | D:5      | Entered Level 5 of the Dungeon
  5143 | D:5      | HP: 1/36 [centaur zombie (7)]
  5167 | D:5      | Noticed Duvessa
  5167 | D:5      | Noticed Dowan
  5169 | D:5      | HP: 1/36 [/static electricity (3)]
  5170 | D:5      | Killed from afar by themself

Levels and vault maps discovered:
D:1:      arrival_aquarium_b, layout_loops_ring
D:2:      layout_loops_ring, nrook_campfire, trog_hazing_becter, uniq_terence
D:3:      layout_basic, marbit_many_paths, first_ration,
          chequers_serial_rivers_small_a, uniq_sigmund, uniq_ijyb, uniq_grinder
D:4:      layout_gridville, minmay_temple_entry_large_hall,
          nemelex_lonely_heart_becter
D:5:      layout_gridville, minmay_misc_feat_x, tgw_fedhas, uniq_duvessa

Skill      XL: |  1  2  3  4  5  6  7 |
---------------+----------------------+-----
Conjurations   | 2 3 4 5 |  5.4
Air Magic      | 5 6 |  6.7
Spellcasting   | 3 4 |  4.2
Necromancy     | 1 2 |  2.0
Dodging        | |  2.3
Stealth        | |  2.1
Charms         | |  0.6

Action                   |  1- 3 |  4- 6 |  7- 9 || total
-------------------------+-------+-------+-------++-------
Melee: Unarmed           |     2 |       |       ||     2
       Kick              |     1 |       |       ||     1
       Mace              |     1 |       |       ||     1
       Rapier            |     2 |       |       ||     2
       Dagger            |       |     4 |       ||     4
Throw: Dart              |     6 |    21 |     8 ||    35
 Cast: Shock             |    64 |   138 |    18 ||   220
       Static Discharge  |       |     3 |     6 ||     9
       Swiftness         |       |     1 |       ||     1
 Abil: Fly               |       |     1 |       ||     1
  Eat: Chunk             |     3 |     9 |     2 ||    14
Armor: Robe              |     1 |     5 |       ||     6
       Animal skin       |       |     8 |     3 ||    11
Dodge: Dodged            |     9 |    43 |    16 ||    68
